 Dungeon Crawl Stone Soup version 0.19-a0-1786-g230130f (webtiles) character file.

1126 Amnesiac the Archer (level 8, -8/60 HPs)
             Began as a Mummy Hunter on Oct 3, 2016.
             Was a Follower of Okawaru.
             Killed by divine providence
             ... invoked by an orc priest
              (12 damage)
             ... on level 5 of the Dungeon.
             The game lasted 00:10:44 (5110 turns).

Amnesiac the Archer (Mummy Hunter)                  Turns: 5110, Time: 00:10:45

Health: -8/60      AC:  7    Str: 15    XL:     8   Next: 13%
Magic:  7/8        EV: 12    Int: 11    God:    Okawaru [*.....]
Gold:   84         SH:  0    Dex: 18    Spells: 0 memorised, 7 levels left

rFire  x . .     SeeInvis .     a - +2 shortbow
rCold  + + .     Gourm    .     f - +1 leather armour {rC+}
rNeg   + + +     Faith    .     (shield currently unavailable)
rPois  ∞         Spirit   .     b - +0 helmet
rElec  .         Dismiss  .     (no cloak)
rCorr  .         Reflect  .     c - +1 pair of gloves
MR     +....     Harm     .     (no boots)
Stlth  +++.......               (no amulet)
                                p - +4 ring of dexterity
                                i - ring of stealth

@: no status effects
A: no food or potions, fire vulnerability, cold resistance 1, negative energy
resistance 3, torment resistance, unbreathing
a: Heroism, Renounce Religion


You were on level 5 of the Dungeon.
You worshipped Okawaru.
Okawaru was aware of your devotion.
You were not hungry.

You visited 2 branches of the dungeon, and saw 6 of its levels.
You also visited: Sewer.

You collected 166 gold pieces.
You spent 82 gold pieces at shops.

Inventory:

Hand Weapons
 a - a +2 shortbow (weapon)
 j - a +2 dagger of venom
Missiles
 d - 5 arrows (quivered)
Armour
 b - a +0 helmet (worn)
 c - a +1 pair of gloves (worn)
 f - a +1 leather armour of cold resistance (worn)
Jewellery
 i - a ring of stealth (left hand)
 p - a +4 ring of dexterity (right hand)
Wands
 q - a wand of flame (45/48)
Scrolls
 e - a scroll of enchant weapon
 g - 3 scrolls of amnesia
 h - 2 scrolls of enchant armour
 k - a scroll of recharging
 l - 3 scrolls of identify
 n - 3 scrolls of remove curse


   Skills:
 + Level 4.1 Fighting
 * Level 8.2 Bows
 - Level 1.5 Dodging
 - Level 0.7 Stealth


You had 7 spell levels left.
You didn't know any spells.

Dungeon Overview and Level Annotations

Branches:
Dungeon (5/15)             Temple (1/1) D:4

Altars:
Ashenzari
Dithmenos
Elyvilon
Gozag
Hepliaklqana
Okawaru
Qazlal
Trog
Uskayaw
Xom
Zin
The Shining One

Shops:
D:4 *

Annotations:
D:4 exclusion: wyvern


Innate Abilities, Weirdness & Mutations

You do not eat or drink.
Your flesh is vulnerable to fire.
You are immune to poison.
Your flesh is cold resistant. (rC+)
You are immune to negative energy. (rN+++)
You are immune to unholy pain and torment.
You can survive without breathing.


Message History

Aim: an orc priest, wielding a falchion and wearing a ring mail (moderately wounded)
You shoot an arrow. The arrow hits the orc priest.
The orc priest is heavily wounded.
The orc priest closely misses you.
Firing (i - inventory):
d - 7 arrows (quivered)
Press: ? - help, Shift-Dir - straight line, f/p - orc priest
Aim: an orc priest, wielding a falchion and wearing a ring mail (heavily wounded)
You shoot an arrow. The arrow hits the orc priest.
The orc priest is severely wounded.
The orc priest hits you with a falchion.
* * * LOW HITPOINT WARNING * * *
Firing (i - inventory):
d - 6 arrows (quivered)
Press: ? - help, Shift-Dir - straight line, f/p - orc priest
Aim: an orc priest, wielding a falchion and wearing a ring mail (severely wounded)
You shoot an arrow.
The arrow hits the orc priest but does no damage.
The orc priest is severely wounded.
The orc priest invokes the aid of Beogh against you.
Beogh smites you!
You die...

###....# ........#
#o# .o.#. .......#
#.......+ #.#....#.
###....# #o......#
#<.....#. #......#
#.....# #........
#.###### #.#######
......... ..######
#o.o).((# #######.#.
..#....#########z# #
..#.....# #o#
..#.....# #@#
###.....########'####
........##..........#
###.....''..........#
#.....##..........#
#.....#...........#
#.....#...........#
#.....#...≈≈≈.....#
#######..≈≈≈≈≈....#
#.


You could see a wight and an orc priest.

Vanquished Creatures
  Prince Ribbit (D:5)
  Edmund (D:4)
  A necrophage (D:5)
  A big kobold (Sewer)
  4 orc wizards
  5 orc priests
  A hound (D:5)
  2 worker ants
  Robin (D:2)
  3 gnolls (D:3)
  12 adders
  4 river rats (Sewer)
  2 oozes
  2 adder skeletons (D:4)
  An adder zombie (D:4)
  3 worms
  A dart slug (D:3)
  3 leopard geckos
  12 orcs
  9 giant cockroaches
  17 goblins
  6 hobgoblins
  7 jackals
  12 kobolds
  3 ball pythons
  A ball python zombie (D:3)
  4 bats
  3 frilled lizards
  A giant cockroach zombie (D:5)
  A leopard gecko skeleton (D:4)
  12 rats
136 creatures vanquished.

Notes
Turn   | Place    | Note
-------+----------+-------------------------------------------
     0 | D:1      | Amnesiac the Mummy Hunter began the quest for the Orb.
     0 | D:1      | Reached XP level 1. HP: 16/16 MP: 1/1
   229 | D:1      | Reached XP level 2. HP: 20/22 MP: 2/2
   439 | D:2      | Reached skill level 4 in Bows
   439 | D:2      | Reached XP level 3. HP: 23/27 MP: 3/3
   627 | D:2      | Found a glowing golden altar of the Shining One.
   814 | D:2      | Reached XP level 4. HP: 28/33 MP: 4/4
   817 | D:2      | Noticed Robin
   829 | D:2      | Killed Robin
  1103 | D:3      | Reached skill level 5 in Bows
  1151 | D:3      | Reached XP level 5. HP: 12/38 MP: 5/5
  1371 | D:4      | Found a staircase to the Ecumenical Temple.
  1379 | Temple   | Entered the Ecumenical Temple
  1506 | Temple   | Became a worshipper of Warmaster Okawaru
  2663 | D:3      | Reached skill level 6 in Bows
  3064 | D:3      | Reached XP level 6. HP: 29/45 MP: 6/6
  3541 | D:4      | Found a hazy altar of Hepliaklqana.
  3542 | D:4      | Found a shimmering altar of Xom.
  3543 | D:4      | Noticed a spectral ugly thing
  3704 | D:4      | Noticed a wyvern
  3829 | D:4      | Found Fothrastro's General Store.
  3853 | D:4      | Noticed Edmund
  3876 | D:4      | Bought a scroll of blinking for 82 gold pieces
  4018 | D:4      | Killed Edmund
  4018 | D:4      | Reached * piety under Okawaru
  4018 | D:4      | Reached XP level 7. HP: 33/54 MP: 7/7
  4065 | D:5      | Entered Level 5 of the Dungeon
  4357 | D:5      | Reached skill level 7 in Bows
  4437 | D:5      | Found a glowing drain.
  4438 | D:5      | Noticed Prince Ribbit
  4520 | D:5      | Killed Prince Ribbit
  4591 | Sewer    | Entered a sewer
  4930 | Sewer    | Reached skill level 8 in Bows
  4930 | Sewer    | Reached XP level 8. HP: 55/60 MP: 8/8
  4954 | Sewer    | Found a white marble altar of Elyvilon.
  5110 | D:5      | Killed from afar by an orc priest

Vault maps used:
D:1:      dpeg_arrival_short_road, st_stairs_12
D:2:      nicolae_overflow_crystal_walls, uniq_robin
D:3:      minivault_14
D:4:      regret_index_temple_of_mockery, first_bread, serial_shops,
          nicolae_shop_trees, uniq_edmund
D:5:      makhleb_blood_cavern_becter, portal_sewer_entry_a, kennysheep_nub,
          kennysheep_minor_cross, uniq_prince_ribbit1, uniq_pikel
Temple:   nicolae_temple_figure_zero
Sewer:    sewer_kobolds

Skill      XL: |  1  2  3  4  5  6  7 |
---------------+----------------------+-----
Bows           | 4 5 6 8 |  8.2
Fighting       | 4 |  4.1
Dodging        | |  1.5
Stealth        | |  0.7

Action                   |  1- 3 |  4- 6 |  7- 9 || total
-------------------------+-------+-------+-------++-------
Melee: Short sword       |    61 |       |       ||    61
       Dagger            |       |   219 |    77 ||   296
 Fire: Shortbow          |    49 |    51 |    60 ||   160
Invok: Heroism           |       |       |     3 ||     3
  Use: Scroll            |       |       |     9 ||     9
 Stab: Sleeping          |       |    13 |     2 ||    15
Armor: Leather armour    |    19 |    71 |    19 ||   109
Dodge: Dodged            |    52 |   118 |    62 ||   232
